 Dungeon Crawl Stone Soup version 0.18-a0-1584-g146024a (webtiles) character file.

3409 Oddball22 the Skirmisher (level 9, -2/79 HPs)
             Began as a Demigod Arcane Marksman on Mar 18, 2016.
             Slain by a wight
             ... wielding a cursed +1 scimitar of freezing
              (6 damage)
             ... on level 8 of the Dungeon.
             The game lasted 00:25:44 (9068 turns).

Oddball22 the Skirmisher (Demigod Arcane Marksman)  Turns: 9068, Time: 00:25:45

Health: -2/79      AC:  6    Str: 14    XL:     9   Next: 47%
Magic:  13/13      EV: 15    Int: 17    God:
Gold:   544        SH:  0    Dex: 21    Spells: 1 memorised, 9 levels left

rFire  . . .     SeeInvis +     n - +2 hand axe (drain)
rCold  . . .     Gourm    .     L - +2 robe
rNeg   . . .     Faith    .     (no shield)
rPois  .         Spirit   .     (no helmet)
rElec  .         Dismiss  .     (no cloak)
rCorr  .         Reflect  .     e - +0 pair of gloves (curse)
SustAt +         Harm     .     t - +0 pair of boots
MR     .....                    (no amulet)
Stlth  ++........               D - ring of wizardry
                                r - ring of see invisible

@: exhausted, slowed, heavily drained, very slow, not resistant to hostile
enchantments, unstealthy
A: high mp 1, sustain attributes
a: no special abilities


You were on level 8 of the Dungeon.
You were not hungry.

You visited 1 branch of the dungeon, and saw 8 of its levels.
You also visited: Ossuary.

You collected 544 gold pieces.

Inventory:

Hand Weapons
 a - a +0 hand crossbow
 b - a +2 dagger of chaos
 j - a +1 dagger of freezing
 n - a +2 hand axe of draining (weapon)
 u - a +0 hand axe of distortion
Missiles
 d - 60 bolts
 y - 3 javelins (quivered)
Armour
 e - a cursed +0 pair of gloves (worn)
 t - a +0 pair of boots (worn)
 K - a +1 robe of fire resistance
 L - a +2 robe (worn)
Jewellery
 r - a ring of see invisible (left hand)
 D - a ring of wizardry (right hand)
Scrolls
 g - 4 scrolls of teleportation
 o - 5 scrolls of magic mapping
 p - 4 scrolls of remove curse {unknown}
 q - a scroll of fog {unknown}
 z - a scroll of amnesia {unknown}
 G - a scroll of blinking {unknown}
 M - a scroll of fear {unknown}
Potions
 i - a potion of brilliance
 m - 3 potions of cure mutation
 s - 2 potions of curing
 v - 2 potions of flight
 w - a potion of berserk rage
 B - 3 potions of heal wounds
 C - a potion of haste {unknown}
 E - a potion of beneficial mutation {unknown}
 F - 2 potions of agility
 H - a potion of lignification {unknown}
 I - 2 potions of might {unknown}
 J - a potion of mutation {unknown}
Books
 c - a book of Debilitation

   Spells                             Type                      Level
   a - Corona                         Hexes                        1
   b - Slow                           Hexes                        2
   c - Gell's Gravitas                Hexes/Translocation          3
   d - Inner Flame                    Hexes/Fire                   3
   e - Cause Fear                     Hexes                        4
   f - Leda's Liquefaction            Hexes/Earth                  4
Comestibles
 f - 3 bread rations
 k - a slice of pizza
 l - 4 meat rations
 x - 3 beef jerkies
 A - 4 fruits


   Skills:
 * Level 7.1(4.6) Fighting
 - Level 5.4(3.0) Axes
 + Level 6.5(4.1) Crossbows
 + Level 6.5(4.1) Dodging
 - Level 1.0(0.0) Spellcasting
 - Level 2.7(0.5) Hexes


You had 9 spell levels left.
You knew the following spells:

 Your Spells              Type           Power        Failure   Level  Hunger
a - Corona                Hex            #......      9%          1    ##.....


Dungeon Overview and Level Annotations

Branches:
Dungeon (8/15)             Temple (0/1) D:4
   Lair: D:8-11


Innate Abilities, Weirdness & Mutations

You have an increased reservoir of magic (+10% MP).
Your attributes are resistant to harm.


Message History

The wight hits you with a scimitar of freezing.
* * * LOW HITPOINT WARNING * * *
The wight freezes you.
* * * LOW HITPOINT WARNING * * *
You hit the wight but do no damage.
The wight is heavily damaged.
The wight hits you with a scimitar of freezing!
* * * LOW HITPOINT WARNING * * *
You feel drained.
* * * LOW HITPOINT WARNING * * *
The wight freezes you.
* * * LOW HITPOINT WARNING * * *
Drink which item? (? for menu, Esc to quit)
You feel much better.
The wight hits you with an enchanted falchion!
* * * LOW HITPOINT WARNING * * *
The wight hits you with a scimitar of freezing!
* * * LOW HITPOINT WARNING * * *
You feel drained.
You die...

# #..
#.####.########. #
#..##....).....)....
#
#.......##.#########
# ##.####..#.# #
######)#####.#.# #
.............#.# #
.......####..#.# #
......zz.#.....# #
.....##@####.### #
z.. #)# #.# # .
#.####.# .. #)(....#
### ######## . # #


You could see 2 wights.

Vanquished Creatures
  Erolcha (D:8)
  Psyche (D:8)
  2 hippogriffs (D:7)
  2 ice beasts
  The ghost of Herrn the Skirmisher, an amateur NaFi (D:3)
  A black bear (D:8)
  A necrophage (D:6)
  An ogre (D:6)
  2 centaurs
  A big kobold (D:8)
  4 giant frogs
  2 scorpions
  7 wights (D:8)
  2 howler monkeys
  A crimson imp (D:7)
  A giant frog zombie (D:7)
  A jelly (D:6)
  An iguana (D:8)
  Ijyb (D:2)
  Terence (D:2)
  8 worker ants
  A howler monkey zombie (D:5)
  A hound skeleton (D:7)
  8 mummies (Ossuary)
  8 adders
  A shadow imp (D:5)
  3 oozes
  An adder skeleton (D:5)
  2 worms
  4 dart slugs
  5 giant geckos
  17 orcs
  5 giant cockroaches
  4 gnoll zombies
  12 goblins
  9 hobgoblins
  4 jackals
  A quokka (D:8)
  A ball python (D:3)
  7 bats
  7 giant newts
  A jackal skeleton (D:7)
  12 kobolds
  4 kobold zombies (Ossuary)
  2 orc zombies (Ossuary)
  2 quokka skeletons (D:4)
  17 rats
181 creatures vanquished.

Notes
Turn   | Place    | Note
--------------------------------------------------------------
     0 | D:1      | Oddball22 the Demigod Arcane Marksman began the quest for the Orb.
     0 | D:1      | Reached XP level 1. HP: 15/15 MP: 4/4
   356 | D:1      | Reached skill level 1 in Fighting
   702 | D:1      | Reached XP level 2. HP: 20/23 MP: 3/5
  1236 | D:2      | Reached XP level 3. HP: 27/29 MP: 7/7
  1554 | D:2      | Reached skill level 2 in Fighting
  1593 | D:2      | Noticed Ijyb
  1606 | D:2      | Killed Ijyb
  1606 | D:2      | Reached XP level 4. HP: 36/36 MP: 8/8
  1607 | D:2      | Noticed Terence
  1633 | D:2      | Killed Terence
  2201 | D:2      | Found a basalt altar of Yredelemnul.
  2240 | D:3      | Noticed Herrn's ghost (amateur NaFi)
  2316 | D:3      | Reached skill level 3 in Fighting
  2576 | D:3      | Reached XP level 5. HP: 43/45 MP: 9/9
  2711 | D:3      | Killed Herrn's ghost
  3678 | D:4      | Reached XP level 6. HP: 42/52 MP: 10/10
  3779 | D:4      | Reached skill level 4 in Fighting
  4200 | D:4      | Found a staircase to the Ecumenical Temple.
  4462 | D:5      | Entered Level 5 of the Dungeon
  4646 | D:5      | Found a sparkling altar of Nemelex Xobeh.
  4782 | D:5      | Found a radiant altar of Vehumet.
  4847 | D:5      | Found a sand-covered staircase.
  4878 | Ossuary  | Entered an ossuary
  4928 | Ossuary  | Reached skill level 1 in Axes
  4933 | Ossuary  | Reached XP level 7. HP: 56/60 MP: 11/11
  5253 | D:5      | Found a glowing silver altar of Zin.
  5258 | D:5      | Found a glowing golden altar of the Shining One.
  5648 | D:6      | Found a sacrificial altar of Ru.
  6332 | D:6      | Reached XP level 8. HP: 48/63 MP: 12/12
  6787 | D:6      | Found a deep blue altar of Sif Muna.
  7106 | D:7      | Found an oddly glowing altar of Pakellas.
  7317 | D:7      | Reached skill level 5 in Crossbows
  7317 | D:7      | Reached skill level 5 in Dodging
  7462 | D:7      | Reached skill level 5 in Axes
  8103 | D:8      | Noticed Erolcha
  8112 | D:8      | Noticed Psyche
  8138 | D:8      | Killed Psyche
  8138 | D:8      | Reached skill level 5 in Fighting
  8168 | D:8      | Killed Erolcha
  8168 | D:8      | Reached skill level 6 in Fighting
  8168 | D:8      | Reached XP level 9. HP: 22/77 MP: 13/13
  9051 | D:8      | Reached skill level 7 in Fighting
  9068 | D:8      | Slain by a wight

Vault maps used:
D:1:      eino_arrival_cavern_d
D:2:      lemuel_zombie_altar_yredelemnul, uniq_iyjb, uniq_terence
D:4:      minmay_temple_entry_large_hall, first_bread, minmay_misc_feat_doors,
          guppyfry_early_lair_pool
D:5:      kennysheep_mini_moat, gammafunk_temple_overflow_pools,
          lemuel_doored_altar, lightli_ossuary_entry_decrepit_ruins
D:6:      lemuel_blue_sif_altar, lemuel_statue_altar
D:7:      grunt_pakellas_basics
D:8:      uniq_erolcha, uniq_psyche
Ossuary:  ossuary_tomb_3

Skill      XL: |  1  2  3  4  5  6  7  8  9 |
---------------+----------------------------+-----
Fighting       | 1 2 3 4 6 7 |  7.1
Crossbows      | 2 3 4 6 |  6.5
Dodging        | 2 3 4 6 |  6.5
Axes           | 1 3 5 |  5.4
Spellcasting   | |  1.0
Hexes          | |  2.7

Action                   |  1- 3 |  4- 6 |  7- 9 || total
-------------------------+-------+-------+-------++-------
Melee: Short sword       |    47 |       |       ||    47
       Unarmed           |    14 |       |       ||    14
       Dagger            |    25 |    15 |    25 ||    65
       Hand axe          |    49 |   226 |   332 ||   607
 Fire: Hand crossbow     |       |    12 |    23 ||    35
 Cast: Corona            |     1 |     3 |     7 ||    11
  Use: Scroll            |     1 |       |     9 ||    10
       Potion            |       |     3 |     4 ||     7
 Stab: Sleeping          |     7 |     2 |     2 ||    11
       Invisible         |       |    15 |       ||    15
  Eat: Chunk             |     2 |    11 |    13 ||    26
       Bread ration      |       |       |     1 ||     1
